 Dungeon Crawl Stone Soup version 0.30.0-29-ga12c61a403 (webtiles) character file.

Game seed: 9643334686510116565

68 safid the Chiller (level 4, -1/33 HPs)
             Began as a Merfolk Ice Elementalist on June 6, 2023.
             Slain by a gnoll
             ... wielding a +0 spear
              (7 damage)
             ... on level 3 of the Dungeon.
             The game lasted 00:04:08 (1728 turns).

safid the Chiller (Merfolk Ice Elementalist)        Turns: 1728, Time: 00:04:08

Health: -1/33      AC:  2    Str:  8    XL:     4   Next: 19%
Magic:  0/8        EV: 12    Int: 16    God:
Gold:   141        SH:  5    Dex: 14    Spells: 1/8 levels left

rFire   . . .        d - +0 spear
rCold   . . .        (no shield)
rNeg    . . .        a - +0 robe
rPois   .            (no helmet)
rElec   .            (no cloak)
rCorr   .            (no gloves)
SInv    .            (no boots)
Will    .....        c - amulet of reflection
Stlth   ++           (no ring)
HPRegen 0.25/turn    (no ring)
MPRegen 0.11/turn

%: reflection
@: very slightly contaminated
A: (nimble swimmer 2), mertail
a: no special abilities


You were on level 3 of the Dungeon.
You visited 1 branch of the dungeon, and saw 3 of its levels.

You collected 141 gold pieces.

Inventory:

Hand Weapons
 d - a +0 spear (weapon)
Armour
 a - a +0 robe (worn)
Jewellery
 c - an amulet of reflection (around neck)
Wands
 l - a wand of flame (15)
 p - a wand of polymorph (2)
Scrolls
 e - 4 scrolls of magic mapping {unknown}
 i - a scroll of vulnerability {unknown}
 j - a scroll of teleportation {unknown}
 k - a scroll of torment {unknown}
 n - a scroll of identify {unknown}
 r - a scroll of amnesia {unknown}
 s - a scroll of acquirement {unknown}
 t - a scroll of fog {unknown}
 u - a scroll of immolation {unknown}
Potions
 b - a potion of magic
 f - 2 potions of flight {unknown}
 g - a potion of degeneration {unknown}
 h - a potion of heal wounds {unknown}
 m - a potion of curing {unknown}
 o - a potion of invisibility {unknown}
 q - a potion of might {unknown}
 v - a potion of cancellation {unknown}


   Skills:
 + Level 2.1 Fighting
 - Level 2.6 Dodging
 - Level 2.1 Stealth
 + Level 2.8 Spellcasting
 + Level 5.0 Ice Magic


You had one spell level left.
You knew the following spells:

 Your Spells              Type           Power      Damage    Failure   Level
a - Freeze                Ice            72%        1d8       2%          1
b - Frozen Ramparts       Ice            36%        1d6       7%          3
c - Ozocubu's Armour      Ice            18%        N/A       7%          3

Your spell library contained the following spells:

 Spells                   Type           Power      Damage    Failure   Level
 Summon Ice Beast         Ice/Summ       10%        N/A       54%         4


Dungeon Overview and Level Annotations

Branches:
Dungeon (3/15)

Altars:
Gozag
Vehumet
Yredelemnul


Innate Abilities, Weirdness & Mutations

((You are very nimble when in or above water. (Stealth+, EV+, Speed+++)))
Your lower body shifts to a powerful aquatic tail in water.


Message History

Confirm with . or Enter, or press ? or * to list all spells.
Aiming: Freeze (safe; 2% risk of failure)
Press: ? - help, Shift-Dir - straight line, f - gnoll, p - gnoll
Aim: a gnoll, wielding a +0 whip (moderately wounded)
You freeze the gnoll.
The gnoll is heavily wounded.
You block the gnoll's attack. The gnoll hits you with a +0 whip.
You are too injured to fight recklessly!
You are too injured to fight recklessly!
You are too injured to fight recklessly!
You are too injured to fight recklessly!
You closely miss the gnoll.
The gnoll is heavily wounded.
The gnoll completely misses you.
The gnoll hits you from afar with a +0 spear.
* * * LOW HITPOINT WARNING * * *
You closely miss the gnoll.
The gnoll is heavily wounded.
The gnoll hits you from afar with a +0 spear.
* * * LOW HITPOINT WARNING * * *
The gnoll hits you with a +0 whip.
* * * LOW HITPOINT WARNING * * *
Casting: Freeze (safe; 2% risk of failure)
Confirm with . or Enter, or press ? or * to list all spells.
Aiming: Freeze (safe; 2% risk of failure)
Press: ? - help, Shift-Dir - straight line, f/p - gnoll
Aim: a gnoll, wielding a +0 whip (heavily wounded)
You freeze the gnoll.
The gnoll is severely wounded.
The gnoll barely misses you. The gnoll completely misses you.
Unknown command.
Casting: Freeze (safe; 2% risk of failure)
Confirm with . or Enter, or press ? or * to list all spells.
Aiming: Freeze (safe; 2% risk of failure)
Press: ? - help, Shift-Dir - straight line, f/p - gnoll
Aim: a gnoll, wielding a +0 whip (severely wounded)
You freeze the gnoll.
The gnoll is almost dead.
The gnoll hits you from afar with a +0 spear!
You die...

.#.# ##.###.# #
.#.###.## #.# .#.##.##
#.# ##.#..# .# ......##
#.# ### .###...## ##.#
.... .###.#..###.# .....
.##.........######......
.##..#<###......@gg#
.......###.######.......
###........# ..####.
#.......## ..# #.#####.#
.>. #. #.# .##. # #.# ..
.# ... .. . ...


You could see 2 gnolls.

Vanquished Creatures
  A gnoll (D:3)
  A worm (D:2)
  3 orcs (D:3)
  8 ball pythons
  3 endoplasms
  2 giant cockroaches
  6 hobgoblins
  A kobold (D:2)
  A quokka (D:1)
  5 bats
  5 frilled lizards (D:2)
  8 goblins
  7 rats
51 creatures vanquished.

Notes
Turn   | Place    | Note
-------+----------+-------------------------------------------
     0 | D:1      | safid the Merfolk Ice Elementalist began the quest for the
                  | Orb.
     0 | D:1      | Reached XP level 1. HP: 13/13 MP: 3/3
   150 | D:1      | Reached XP level 2. HP: 19/20 MP: 5/5
   216 | D:1      | Reached skill level 1 in Fighting
   677 | D:1      | Reached XP level 3. HP: 22/26 MP: 1/6
  1084 | D:1      | Learned a level 3 spell: Frozen Ramparts
  1088 | D:1      | Learned a level 3 spell: Ozocubu's Armour
  1307 | D:3      | Found a radiant altar of Vehumet.
  1311 | D:3      | Found a basalt altar of Yredelemnul.
  1469 | D:3      | Found an opulent altar of Gozag.
  1591 | D:3      | Reached skill level 5 in Ice Magic
  1594 | D:3      | Reached XP level 4. HP: 11/33 MP: 3/8
  1728 | D:3      | Slain by a gnoll

Illustrated notes

Levels and vault maps discovered:
D:1:      shiori_arrival_oz, layout_basic, minmay_shallow_snake_nest
D:2:      layout_basic
D:3:      layout_loops_cross, nicolae_gozag_seed_capital, amcnicky_altar_gilded,
          nicolae_overflow_hidden_temple, serial_shops,
          nicolae_shop_real_fake_doors

Skill      XL: |  1  2  3 |
---------------+----------+-----
Fighting       | 1 2 |  2.1
Ice Magic      | 5 |  5.0
Dodging        | |  2.6
Stealth        | |  2.1
Spellcasting   | |  2.8

Action                     |  1- 3 |  4- 6 || total
---------------------------+-------+-------++-------
  Melee: Spear             |   148 |     6 ||   154
         Punch             |     1 |       ||     1
   Cast: Freeze            |    27 |     3 ||    30
         Frozen Ramparts   |       |     1 ||     1
   Stab: Sleeping          |     8 |     1 ||     9
 Armour: Robe              |    21 |       ||    21
  Dodge: Dodged            |    93 |    10 ||   103
  Block: Other             |    39 |     3 ||    42
